 Dungeon Crawl Stone Soup version 0.28-a0-1130-gc51a68064b (webtiles) character file.

Game seed: 16399824182091585137

1701 mandarbmax the Ruffian (level 8, -7/79 HPs)
             Began as a Troll Cinder Acolyte on Dec 12, 2021.
             Was a High Priest of Ignis.
             Mangled by a komodo dragon (28 damage)
             ... on level 6 of the Dungeon.
             The game lasted 00:12:46 (4506 turns).

mandarbmax the Ruffian (Troll Cinder Acolyte)       Turns: 4506, Time: 00:12:47

Health: -7/79      AC:  5    Str: 23    XL:     8   Next: 73%
Magic:  8/8        EV:  8    Int: 10    God:    Ignis [*****.]
Gold:   157        SH:  6    Dex:  7    Spells: 9/9 levels left

rFire   + . .      SeeInvis .     - Unarmed
rCold   . . .      Faith    .   o - +0 kite shield
rNeg    . . .      Spirit   .   a - +0 robe
rPois   .          Reflect  .   p - +1 hat
rElec   .          Harm     .   (no cloak)
rCorr   .          Rampage  .   (gloves unavailable)
Will    .....                   (boots unavailable)
Stlth   +.........              (no amulet)
HPRegen 1.03/turn               (no ring)
MPRegen 0.11/turn               (no ring)

@: studying Fighting
A: large, unfitting armour, claws 3, regeneration 1, shaggy fur 1, tough skin 1
a: Renounce Religion, Fiery Armour, Foxfire Swarm, Rising Flame


You were on level 6 of the Dungeon.
You worshipped Ignis.
Ignis was extremely pleased with you.
You visited 2 branches of the dungeon, and saw 7 of its levels.
You also visited: Ossuary.

You collected 276 gold pieces.
You spent 119 gold pieces at shops.

Inventory:

Missiles
 k - 2 large rocks (quivered)
Armour
 a - a +0 robe (worn)
 o - a +0 kite shield (worn)
 p - a +1 hat (worn)
Wands
 e - a wand of flame (26)
Scrolls
 b - a scroll of silence
 c - a scroll of magic mapping {unknown}
 f - 2 scrolls of fog {unknown}
 h - 8 scrolls of teleportation
 l - a scroll of vulnerability {unknown}
 n - a scroll of noise {unknown}
 w - a scroll of brand weapon {unknown}
 x - a scroll of immolation {unknown}
Potions
 d - 7 potions of curing {unknown}
 g - 3 potions of lignification {unknown}
 i - a potion of magic
 j - a potion of brilliance
 m - 3 potions of heal wounds {unknown}
 q - a potion of ambrosia {unknown}
 r - 2 potions of berserk rage {unknown}
 s - 2 potions of might {unknown}
 t - a potion of mutation {unknown}
 u - a potion of flight
 v - a potion of degeneration {unknown}


   Skills:
 + Level 4.9 Fighting
 + Level 3.3 Throwing
 - Level 4.0 Dodging
 + Level 2.6 Shields
 * Level 7.5 Unarmed Combat
 - Level 1.0 Spellcasting
 - Level 2.1 Fire Magic


You had 9 spell levels left.
You didn't know any spells.
Your spell library contained the following spells:

 Spells                   Type           Power      Damage    Failure   Level
 Scorch                   Fire           8%         2d5       63%         2
 Animate Skeleton         Necr           0%         N/A       80%         1
 Magic Dart               Conj           0%         1d3       80%         1
 Pain                     Necr           0%         1d4       80%         1
 Ensorcelled Hibernation  Hex/Ice        0%         N/A       90%         2
 Searing Ray              Conj           0%         2d4       90%         2
 Sublimation of Blood     Necr           0%         N/A       90%         2
 Ignite Poison            Fire/Tmut/Pois 1%         N/A       97%         3
 Dazzling Flash           Conj/Hex       0%         N/A       99%         3
 Mephitic Cloud           Conj/Pois/Air  0%         N/A       99%         3
 Tukima's Dance           Hex            0%         N/A       99%         3
 Vampiric Draining        Necr           0%         2d6       99%         3
 Fulminant Prism          Conj/Hex       0%         3d6       100%        4
 Iskenderun's Mystic Bla  Conj/Tloc      0%         2d3       100%        4
 Petrify                  Tmut/Erth      0%         N/A       100%        4
 Freezing Cloud           Conj/Ice/Air   0%         6-21      100%        5
 Irradiate                Conj/Tmut      0%         3d13      100%        5
 Starburst                Conj/Fire      1%         6d3       100%        6


Dungeon Overview and Level Annotations

Branches:
Dungeon (6/15)             Temple (1/1) D:5         Ossuary (visited)

Altars:
Cheibriados
Dithmenos
Elyvilon
Fedhas
Gozag
Hepliaklqana
Makhleb
Nemelex Xobeh
Okawaru
Sif Muna
Uskayaw
Vehumet
Wu Jian
Xom
Yredelemnul
The Shining One

Shops:
D:5 [


Innate Abilities, Weirdness & Mutations

You are too large for most types of armour.
You have claws for hands.
Your natural rate of healing is unusually fast.
You are covered in fur. (AC +1)
You have tough skin. (AC +1)


Message History

No target in view!
No target in view!
No target in view!
HP restored.
You open the door.
There is an open door here.
You open the door.
There is an open door here.
You open the door.
There is an open door here.
You now have 157 gold pieces (gained 9).
Found a robe.
Found 22 stones.
Found a stone staircase leading up.
A komodo dragon comes into view.
A komodo dragon is nearby!
You throw a large rock. The large rock hits the komodo dragon.
The komodo dragon is lightly wounded.
You throw a large rock. The large rock hits the komodo dragon!!
The komodo dragon is severely wounded.
The komodo dragon misses you.
You barely miss the komodo dragon.
The komodo dragon is severely wounded.
The komodo dragon bites you!
You scratch the komodo dragon but do no damage.
The komodo dragon is severely wounded.
The komodo dragon bites you!! x2
* * * LOW HITPOINT WARNING * * *
You are too injured to fight recklessly!
You are too injured to fight recklessly!
You are too injured to fight recklessly!
You closely miss the komodo dragon.
The komodo dragon is heavily wounded.
The komodo dragon bites you.
* * * LOW HITPOINT WARNING * * *
Okay, then.
Activating: Foxfire Swarm
Press: ? - help, Dir - look around, f - activate Flames leap up around you!
The komodo dragon bites you!!
You die...

...##.. ###'## .......
#..... .(..... #..... .
..... #..... .. #+##(..#
####.#
...####.##...####+####.#
.....vvvvv..............
.....vvvlv..............
.....vv@vv.<............
.....vvvvv..............
.....vvvvv..............
........................
+######..##...##..####.#
.###+###...##..####.#
.....[.........#.....
...............#.....
...............#.....


You could see a komodo dragon (ally target).

Vanquished Creatures
  Grinder (D:4)
  A wyvern (D:4)
  A steam dragon (D:4)
  2 sky beasts (D:5)
  A necrophage (D:3)
  2 ogres (D:5)
  An elf zombie (Ossuary)
  2 scorpions (D:5)
  A water moccasin skeleton (D:6)
  A bullfrog zombie (D:5)
  A hound (D:4)
  A human zombie (Ossuary)
  A jelly (D:6)
  2 iguanas
  2 orc wizards
  A hound zombie (Ossuary)
  5 mummies
  A howler monkey zombie (D:6)
  8 adders
  3 gnolls (D:3)
  A shadow imp (D:5)
  A white imp (D:6)
  An ufetubus (D:4)
  An adder skeleton (D:4)
  5 dart slugs
  16 orcs
  4 ball pythons
  4 endoplasms
  2 giant cockroaches
  A gnoll zombie (Ossuary)
  4 goblins
  9 hobgoblins
  5 jackals
  3 quokkas
  8 bats
  4 frilled lizards
  A goblin zombie (Ossuary)
  2 jackal zombies (Ossuary)
  4 kobolds
  A kobold zombie (Ossuary)
  2 orc zombies (Ossuary)
  9 rats
  2 rat zombies (Ossuary)
128 creatures vanquished.

Vanquished Creatures (others)
  6 plants (D:2)
6 creatures vanquished.

Grand Total: 134 creatures vanquished

Notes
Turn   | Place    | Note
-------+----------+-------------------------------------------
     0 | D:1      | mandarbmax the Troll Cinder Acolyte began the quest for the
                  | Orb.
     0 | D:1      | Reached XP level 1. HP: 22/22 MP: 1/1
   133 | D:1      | Reached XP level 2. HP: 29/29 MP: 2/2
   364 | D:1      | Reached XP level 3. HP: 33/36 MP: 3/3
   558 | D:1      | Reached skill level 1 in Dodging
  1170 | D:2      | Found a snail-covered altar of Cheibriados.
  1410 | D:2      | Found a faded altar of an unknown god.
  1460 | D:3      | Noticed a necrophage
  1472 | D:3      | Killed a necrophage
  1473 | D:3      | Reached skill level 4 in Unarmed Combat
  1473 | D:3      | Reached XP level 4. HP: 42/45 MP: 4/4
  1473 | D:3      | Reached XP level 5. HP: 50/53 MP: 5/5
  1512 | D:3      | Found a hazy altar of Hepliaklqana.
  2133 | D:4      | Noticed Grinder
  2233 | D:4      | Noticed a wyvern
  2238 | D:4      | Killed a wyvern
  2239 | D:4      | Reached skill level 1 in Throwing
  2239 | D:4      | Reached skill level 5 in Unarmed Combat
  2239 | D:4      | Reached XP level 6. HP: 32/61 MP: 6/6
  2620 | D:4      | Noticed a steam dragon
  2627 | D:4      | Killed a steam dragon
  2628 | D:4      | Reached XP level 7. HP: 55/68 MP: 7/7
  2666 | D:4      | Found a shimmering blue altar of Sif Muna.
  2848 | D:4      | Reached skill level 1 in Shields
  2904 | D:4      | Killed Grinder
  2905 | D:4      | Reached skill level 6 in Unarmed Combat
  3036 | D:5      | Entered Level 5 of the Dungeon
  3036 | D:5      | Found Zidghanuu's Antique Armour Shoppe.
  3040 | D:5      | Bought a glowing hat for 119 gold pieces
  3112 | D:5      | Reached XP level 8. HP: 66/78 MP: 8/8
  3169 | D:5      | Found a sand-covered staircase.
  3177 | Ossuary  | Entered an ossuary
  3418 | D:5      | Found a staircase to the Ecumenical Temple.
  3423 | D:5      | Reached skill level 7 in Unarmed Combat
  3568 | D:5      | Found an iron altar of Okawaru.
  4136 | Temple   | Entered the Ecumenical Temple
  4498 | D:6      | Noticed a komodo dragon
  4506 | D:6      | Mangled by a komodo dragon

Illustrated notes

Levels and vault maps discovered:
D:1:      scummos_arrival_star, layout_loops_ring, minmay_surrounded
D:2:      layout_basic, chequers_ecumenical_altar_lobes, basic_altar
D:3:      layout_rooms, mainiacjoe_overflow_tiny_flanked, minmay_close_crescents
D:4:      layout_loops_corners, kennysheep_orc_sif_temple,
          amcnicky_mini_rare_corridor_liquid, chequers_serial_rivers_micro_a,
          hangedman_minor_gate_pass, uniq_grinder
D:5:      layout_loops_cross, okawaru_metal_pillars_1_2, temple_green,
          gup_ossuary_entry_pyramid, nicolae_stop_n_shop_1,
          minmay_strange_pillars, st_stairs_12
D:6:      layout_gridville, lemuel_round_altar, serial_shops,
          kennysheep_little_box, grunt_ministairs_15
Temple:   minmay_temple_bridge_abc

Skill      XL: |  1  2  3  4  5  6  7  8 |
---------------+-------------------------+-----
Dodging        | 1 2 3 4 |  4.0
Fighting       | 3 4 |  4.9
Unarmed Combat | 4 5 6 7 |  7.5
Throwing       | 1 2 3 |  3.3
Shields        | 1 2 |  2.6
Spellcasting   | |  1.0
Fire Magic     | |  2.1

Action                   |  1- 3 |  4- 6 |  7- 9 || total
-------------------------+-------+-------+-------++-------
Melee: Unarmed           |   110 |    96 |   142 ||   348
       Punch             |     1 |     2 |       ||     3
Throw: Large rock        |       |     8 |    19 ||    27
Invok: Foxfire Swarm     |       |       |     1 ||     1
       Fiery Armour      |       |       |     1 ||     1
  Use: Scroll            |       |     1 |     4 ||     5
Armor: Robe              |    33 |    36 |    90 ||   159
Dodge: Dodged            |    43 |    37 |    68 ||   148
Block: Kite shield       |       |     4 |    54 ||    58

Table legend: (Time is in decaauts)
 A = Elapsed time spent in this place.
 B = Non-inter-level travel time spent in this place.
 C = Inter-level travel time spent in this place.
 D = Time resting spent in this place.
 E = Time spent auto-exploring this place.
 F = Levels seen in this place.
 G = Mean time per level.
                   A        B        C        D        E       F      G
               +--------+--------+--------+--------+--------+-----+--------+
         Total |   4550 |   4315 |    235 |      0 |   3446 |   8 |  568.8 |
       Dungeon |   4157 |   3943 |    214 |      0 |   3175 |   6 |  692.8 |
        Temple |    195 |    174 |     21 |      0 |    167 |   1 |  195.0 |
       Ossuary |    197 |    197 |      0 |      0 |    104 |   1 |  197.0 |
               +--------+--------+--------+--------+--------+-----+--------+

Top non-repeatable levels by time:
     D:4: 1180 daAuts
     D:5: 964 daAuts
     D:1: 747 daAuts
     D:2: 675 daAuts
     D:3: 442 daAuts
 Ossuary: 197 daAuts
  Temple: 195 daAuts
     D:6: 146 daAuts
